 Dungeon Crawl Stone Soup version 0.21.0-3-g78d12a8 (webtiles) character file.

282 Inarius the Chiller (level 6, -9/45 HPs)
             Began as a Draconian Ice Elementalist on Jan 15, 2018.
             Mangled by an ogre
             ... wielding a +0 giant club
              (19 damage)
             ... on level 3 of the Dungeon.
             The game lasted 00:09:17 (3434 turns).

Inarius the Chiller (Draconian Ice Elementalist)    Turns: 3434, Time: 00:09:18

Health: -9/45      AC: 12    Str: 11    XL:     6   Next: 6%
Magic:  9/10       EV: 12    Int: 22    God:
Gold:   148        SH:  0    Dex: 11    Spells: 3/11 levels left

rFire    . . .     SeeInvis .   i - +1 whip
rCold    . . .     Gourm    .   (no shield)
rNeg     . . .     Faith    .   (armour unavailable)
rPois    .         Spirit   .   (helmet restricted)
rElec    .         Reflect  .   (no cloak)
rCorr    .         Harm     .   (no gloves)
MR       .....                  (no boots)
Stlth    ++........             (no amulet)
HPRegen  0.15/turn              (no ring)
MPRegen  0.12/turn              (no ring)

@: brilliant, icy armour, slow
A: unfitting armour, cold-blooded, AC +6
a: no special abilities


You were on level 3 of the Dungeon.
You were not hungry.

You visited 1 branch of the dungeon, and saw 4 of its levels.

You collected 148 gold pieces.

Inventory:

Hand Weapons
 i - a +1 whip (weapon)
Armour
 r - a +1 buckler
Scrolls
 d - a scroll of identify {unknown}
 e - 2 scrolls of remove curse
 h - a scroll of enchant weapon
Potions
 c - a potion of resistance {unknown}
 g - a potion of degeneration {unknown}
 j - a potion of agility {unknown}
 l - a potion of curing
 n - a potion of heal wounds {unknown}
 o - a potion of brilliance
 t - a potion of flight {unknown}
Books
 a - a book of Frost

   Spells                             Type                      Level
   a - Freeze                         Ice                          1
   b - Throw Frost                    Conjuration/Ice              2
   c - Ozocubu's Armour               Charms/Ice                   3
   d - Throw Icicle                   Conjuration/Ice              4
   e - Summon Ice Beast               Ice/Summoning                4
Comestibles
 b - 5 rations


   Skills:
 + Level 0.1 Fighting
 + Level 2.1 Dodging
 - Level 1.7 Stealth
 - Level 0.1 Unarmed Combat
 + Level 3.2 Spellcasting
 * Level 1.2 Conjurations
 + Level 1.0 Charms
 * Level 5.7 Ice Magic


You had 3 spell levels left.
You knew the following spells:

 Your Spells              Type           Power        Failure   Level  Hunger
a - Freeze                Ice            ####         1%          1    None
b - Ozocubu's Armour      Chrm/Ice       ####....     1%          3    ###....
c - Throw Icicle          Conj/Ice       ####....     3%          4    ####...


Dungeon Overview and Level Annotations

Branches:
Dungeon (4/15)
 Temple: D:4-7

Altars:
Okawaru
Uskayaw
Xom

Annotations:
D:4 Rhok's ghost, amateur MiGl


Innate Abilities, Weirdness & Mutations

Your plain brown scales are hard. (AC +6)
You cannot fit into any form of body armour.
You are cold-blooded and may be slowed by cold attacks.


Message History

The ogre hits you with a giant club!!
Ouch! That really hurt!
Casting: Ozocubu's Armour
Confirm with . or Enter, or press ? or * to list all spells.
Okay, then.
Unknown command.
You climb upwards.
There is a stone staircase leading down here.
As you read the scroll of teleportation, it crumbles to dust.
You feel strangely unstable. The ogre barely misses you.
Your surroundings seem slightly different.
The ogre closely misses you.
There is a stone staircase leading down here.
The ogre hits you with a giant club!
* * * LOW HITPOINT WARNING * * *
It was a potion of curing.
You feel better.
It was a potion of brilliance.
You feel clever all of a sudden. The ogre hits you with a giant club!!
You die...

#.................
#..............###
#..............##.
#####..###........
##.#.......###
#####...#......##
##...#...#........
##.................
#.@.............#..
###.O................
#####.........<...#...#..
##....>.)..............#..
#..#.............###.<....
####.##........###..####.....
#....##......#(##......#.#...
#######......#.##............
#......#...........#...


You could see an ogre.

Vanquished Creatures
  An orc wizard (D:3)
  A worker ant (D:4)
  5 gnolls
  9 adders
  An ooze (D:4)
  2 adder skeletons
  3 worms
  A dart slug (D:1)
  2 leopard geckos
  3 orcs (D:3)
  5 giant cockroaches
  8 goblins
  6 hobgoblins
  4 jackals (D:1)
  8 kobolds
  2 quokkas
  A ball python (D:3)
  13 bats
  4 frilled lizards
  6 rats
85 creatures vanquished.

Notes
Turn   | Place    | Note
-------+----------+-------------------------------------------
     0 | D:1      | Inarius the Draconian Ice Elementalist began the quest for the Orb.
     0 | D:1      | Reached XP level 1. HP: 14/14 MP: 3/3
    67 | D:1      | Reached XP level 2. HP: 6/20 MP: 0/5
   667 | D:1      | Reached skill level 4 in Ice Magic
   729 | D:1      | Reached XP level 3. HP: 17/26 MP: 2/6
   988 | D:2      | Found a hide-covered altar of Uskayaw.
  1041 | D:2      | Reached XP level 4. HP: 20/33 MP: 1/8
  1793 | D:2      | Found a faded altar of an unknown god.
  1886 | D:2      | Learned a level 3 spell: Ozocubu's Armour
  1891 | D:2      | Learned a level 4 spell: Throw Icicle
  2037 | D:3      | Reached skill level 5 in Ice Magic
  2453 | D:3      | Reached XP level 5. HP: 37/38 MP: 1/9
  2653 | D:3      | Found a shimmering altar of Xom.
  2654 | D:3      | Found a shimmering altar of Xom.
  2655 | D:3      | Found a shimmering altar of Xom.
  2655 | D:3      | Found a shimmering altar of Xom.
  3077 | D:4      | Reached skill level 1 in Charms
  3092 | D:4      | Noticed Rhok's ghost (amateur MiGl)
  3295 | D:4      | Found an iron altar of Okawaru.
  3309 | D:4      | Reached XP level 6. HP: 31/45 MP: 3/10
  3434 | D:3      | Mangled by an ogre

Skill      XL: |  1  2  3  4  5 |
---------------+----------------+-----
Ice Magic      | 4 5 |  5.7
Dodging        | 2 |  2.1
Spellcasting   | 3 |  3.2
Charms         | 1 |  1.0
Fighting       | |  0.1
Stealth        | |  1.7
Unarmed Combat | |  0.1
Conjurations   | |  1.2

Action                   |  1- 3 |  4- 6 || total
-------------------------+-------+-------++-------
Melee: Unarmed           |    38 |       ||    38
       Tailslap          |     2 |     5 ||     7
       Whip              |     5 |    90 ||    95
 Cast: Freeze            |    48 |    79 ||   127
       Ozocubu's Armour  |       |     5 ||     5
  Use: Scroll            |     2 |    13 ||    15
       Potion            |       |     2 ||     2
 Stab: Sleeping          |     1 |     1 ||     2
  Eat: Chunk             |     1 |     8 ||     9
Armor: Skin              |    34 |    99 ||   133
Dodge: Dodged            |    43 |   157 ||   200
